 Dungeon Crawl Stone Soup version 0.29.1-1-gd02db6906a (webtiles) character file.

Game seed: 267871037895068748

1882 xian the Grappler (level 8, -6/78 HPs)
             Began as a Troll Gladiator on Sept 17, 2022.
             Was a Believer of Ashenzari.
             Mangled by a hornet (10 damage)
             ... on level 7 of the Dungeon.
             The game lasted 00:20:01 (4622 turns).

xian the Grappler (Troll Gladiator)                 Turns: 4622, Time: 00:20:01

Health: -6/78      AC:  4    Str: 25    XL:     8   Next: 92%
Magic:  7/7        EV: 10    Int:  4    God:    Ashenzari [**....]
Gold:   223        SH:  0    Dex: 11    Spells: 7/7 levels left

rFire   . . .      SeeInvis +     - Unarmed
rCold   + . .      Faith    .   (no shield)
rNeg    . . .      Spirit   .   a - +0 robe of the Sublime Seer {Fort, Range} (curse)
rPois   .          Reflect  .   b - +0 hat of Curses and Power {Cun, Elem} (curse)
rElec   .          Harm     .   q - scarf of the Oracular Activism {shadows, Alch, Fort} (curse)
rCorr   .          Rampage  .   (gloves unavailable)
Will    .....                   (boots unavailable)
Stlth   ++........              (no amulet)
HPRegen 1.03/turn               (no ring)
MPRegen 0.10/turn               (no ring)

@: lethally poisoned (-6 -> -13), slowed, studying Fighting, very slow
A: large, unfitting armour, claws 3, regeneration 1, shaggy fur 1, tough skin 1,
horns 1, cold resistance 1
a: Renounce Religion, Curse Item, Shatter the Chains


You were on level 7 of the Dungeon.
You worshipped Ashenzari.
Ashenzari was pleased with you.
You visited 2 branches of the dungeon, and saw 8 of its levels.

You collected 223 gold pieces.

Inventory:

Hand Weapons
 p - a +6 dagger
 x - a +1 shortbow of freezing
 C - a +0 giant spiked club
Missiles
 c - 3 throwing nets
 d - a large rock
 i - 2 javelins (quivered)
Armour
 a - the cursed +0 robe of the Sublime Seer (worn) {Fort, Range}

   It has a curse which improves the following skills: Fortitude: Armour and
   Shields.
   Ranged Combat: Ranged Weapons and Throwing.
 b - the cursed +0 hat of Curses and Power (worn) {Cun, Elem}

   It has a curse which improves the following skills: Cunning: Dodging and
   Stealth.
   Elements:  Fire Magic, Ice Magic, Air Magic and Earth Magic.
 q - the cursed scarf of the Oracular Activism (worn) {shadows, Alch, Fort}
   (You found it on level 2 of the Dungeon)

   It has a curse which improves the following skills: Alchemy: Poison Magic and
   Transmutations.
   Fortitude: Armour and Shields.
Jewellery
 k - a +6 ring of dexterity
 o - an amulet of guardian spirit
Wands
 y - a wand of light (12)
 D - a wand of flame (15)
 E - a wand of digging (6)
Scrolls
 f - a scroll of fear
 g - 2 scrolls of vulnerability
 h - 3 scrolls of enchant armour
 j - a scroll of fog
 m - a scroll of magic mapping
 n - 6 scrolls of teleportation
 r - 5 scrolls of identify
 s - 2 scrolls of enchant weapon
 u - 2 scrolls of amnesia
 A - a scroll of immolation
 B - a scroll of brand weapon
 G - a scroll of summoning
Potions
 e - 3 potions of brilliance
 l - 2 potions of curing
 t - a potion of flight
 v - 2 potions of heal wounds
 w - 3 potions of lignification
 F - a potion of ambrosia


   Skills:
 + Level 3.8 Fighting
 * Level 4.2(5.3) Throwing
 - Level 2.4(3.4) Dodging
 + Level 1.5(2.4) Stealth
 * Level 10.2 Unarmed Combat


You had 7 spell levels left.
You didn't know any spells.
Your spell library contained the following spells:

 Spells                   Type           Power      Damage    Failure   Level
 Apportation              Tloc           0%         N/A       50%         1
 Necrotise                Necr           0%         1d4       50%         1
 Summon Small Mammal      Summ           0%         N/A       50%         1
 Gell's Gravitas          Tloc           0%         N/A       86%         3
 Lesser Beckoning         Tloc           0%         N/A       86%         3
 Teleport Other           Tloc           0%         N/A       86%         3
 Hailstorm                Conj/Ice       0%         3d3       99%         4
 Ice Form                 Ice/Tmut       0%         N/A       99%         4
 Dispersal                Tloc           0%         N/A       100%        6
 Simulacrum               Ice/Necr       0%         N/A       100%        6
 Disjunction              Tloc           0%         N/A       100%        8


Dungeon Overview and Level Annotations

Branches:
Dungeon (7/15)             Temple (1/1) D:4

Altars:
Ashenzari
Cheibriados
Makhleb
Qazlal
Sif Muna
Trog
Wu Jian

Shops:
D:4 :   D:5 (   D:6 *

Annotations:
D:3 1 runed translucent door, Crazy Yiuf


Innate Abilities, Weirdness & Mutations

You are too large for most types of armour.
You have claws for hands.
Your natural rate of healing is unusually fast.
You are covered in fur. (AC +1)
You have tough skin. (AC +1)
You have a pair of small horns on your head.
Your flesh is cold resistant. (rC+)


Message History

You feel conductive.
You no longer feel strong-willed.
A pair of horns grows on your head!
You feel resistant to cold.
There is a stone staircase leading down here.
Done exploring.
You climb downwards.
There is a stone staircase leading up here.
Found a scroll of enchant armour.
The hornet buzzes angrily.
You see here a scroll of fog.
The hornet stings you.
You are poisoned.
You feel yourself slow down.
You feel yourself speed up.
You feel very sick. The hornet barely misses you. The hornet stings you!
You suddenly lose the ability to move!
You can move again.
The hornet attacks as you move away! The hornet stings you!
You feel yourself slow down.
You feel sick. The hornet stings you!
You are more poisoned.
You shrug off the repeated paralysis!
The hornet attacks as you move away! The hornet barely misses you.
You feel very sick. The hornet barely misses you.
You scratch the hornet.
The hornet is moderately wounded.
You feel yourself speed up.
You feel very sick. The hornet stings you.
* * * LOW HITPOINT WARNING * * *
You feel yourself slow down. The hornet stings you!
* * * LOW HITPOINT WARNING * * *
You are lethally poisoned!
You feel as though you will be slow longer.
You miss the hornet.
The hornet is moderately wounded.
* * * LOW HITPOINT WARNING * * *
You feel very sick. The hornet stings you!
You die...

, , ..##..#.####.. ,
...#..........* , ,
...............,, *
, , ...#..........##
* ,...##..?.......##
................# ,
.#............#.###
,
.#.....y.....##...#
......<@....##...##
..................#
,
....!...........(..*
,
.................##
* .........#.......#
.........##.....## ,
^.......###..#.## **
..####* ######


You could see a hornet.

Vanquished Creatures
  Grinder (D:4)
  Eustachio (D:5)
  A black bear (D:6)
  3 ogres
  A centaur (D:4)
  A bullfrog (D:7)
  A kobold brigand (D:6)
  A necrophage (D:5)
  2 scorpions (D:6)
  2 howler monkeys (D:6)
  A gnoll bouda (D:5)
  4 hounds
  A jelly (D:5)
  3 orc priests
  3 iguanas
  Ijyb (D:2)
  5 orc wizards
  4 gnolls (D:5)
  7 adders
  2 shadow imps (D:6)
  2 white imps (D:6)
  2 dart slugs (D:2)
  26 orcs
  5 bats
  7 endoplasms
  2 giant cockroaches
  11 goblins
  6 hobgoblins
  6 jackals
  4 quokkas
  6 ball pythons
  3 frilled lizards
  14 kobolds
  6 rats
145 creatures vanquished.

Notes
Turn   | Place    | Note
-------+----------+-------------------------------------------
     0 | D:1      | xian the Troll Gladiator began the quest for the Orb.
     0 | D:1      | Reached XP level 1. HP: 19/19 MP: 0/0
    71 | D:1      | Reached XP level 2. HP: 27/27 MP: 1/1
   116 | D:1      | Found a faded altar of an unknown god.
   151 | D:1      | Prayed at the altar of an unknown god.
   151 | D:1      | Became a worshipper of Ashenzari the Shackled
   672 | D:2      | Reached XP level 3. HP: 35/35 MP: 2/2
   743 | D:2      | Reached skill level 4 in Unarmed Combat
  1347 | D:2      | Reached * piety under Ashenzari
  1378 | D:3      | Noticed Ijyb
  1381 | D:3      | Reached XP level 4. HP: 42/42 MP: 3/3
  1399 | D:2      | Killed Ijyb
  1555 | D:3      | Reached skill level 5 in Unarmed Combat
  1655 | D:3      | Reached XP level 5. HP: 42/49 MP: 4/4
  1742 | D:3      | Found a runed translucent door.
  1743 | D:3      | Noticed Crazy Yiuf
  2054 | D:4      | Found Cixtyto's Vocational Training.
  2440 | D:4      | Noticed a centaur
  2450 | D:4      | Killed a centaur
  2451 | D:4      | Reached skill level 6 in Unarmed Combat
  2451 | D:4      | Reached XP level 6. HP: 46/57 MP: 5/5
  2498 | D:4      | Reached ** piety under Ashenzari
  2680 | D:4      | Noticed Grinder
  2684 | D:4      | Paralysed by Grinder for 3 turns
  2691 | D:4      | Paralysed by Grinder for 5 turns
  2698 | D:4      | Killed Grinder
  2731 | D:4      | Found a staircase to the Ecumenical Temple.
  2736 | D:4      | Reached XP level 7. HP: 65/65 MP: 6/6
  2753 | Temple   | Entered the Ecumenical Temple
  2848 | D:5      | Entered Level 5 of the Dungeon
  2871 | D:4      | Reached skill level 7 in Unarmed Combat
  2926 | D:5      | Found Gicifaypp's Weapon Boutique.
  2930 | D:5      | Noticed Eustachio
  3001 | D:5      | Reached skill level 1 in Stealth
  3258 | D:5      | Identified a scroll of acquirement
  3276 | D:5      | Acquired a manual of Fighting
  3322 | D:5      | Reached skill level 8 in Unarmed Combat
  3703 | D:5      | Killed Eustachio
  3704 | D:5      | Reached XP level 8. HP: 75/75 MP: 7/7
  3757 | D:5      | Identified the cursed scarf of the Oracular Activism
                  | {shadows, Alch, Fort} (You found it on level 2 of the
                  | Dungeon)
  3757 | D:5      | Identified the cursed +0 hat of Curses and Power {Cun,
                  | Elem}
  3757 | D:5      | Identified the cursed +0 robe of the Sublime Seer {Fort,
                  | Range}
  3869 | D:6      | Reached skill level 9 in Unarmed Combat
  4223 | D:6      | Identified the +5 scale mail of Omission {rN+ Will+ Dex+3}
  4314 | D:6      | Found Rifash's Assorted Antiques.
  4318 | D:6      | Reached skill level 10 in Unarmed Combat
  4532 | D:7      | Noticed a hornet
  4538 | D:7      | Paralysed by a hornet for 1 turns
  4605 | D:6      | Gained mutation: You have a pair of small antennae on your
                  | head. [potion of mutation]
  4605 | D:6      | Gained mutation: Your spells are a little harder to cast,
                  | but a little more powerful. [potion of mutation]
  4605 | D:6      | Gained mutation: Your spells are harder to cast, but more
                  | powerful. [potion of mutation]
  4607 | D:6      | Lost mutation: You have a pair of small antennae on your
                  | head. [potion of mutation]
  4607 | D:6      | Lost mutation: Your spells are harder to cast, but more
                  | powerful. [potion of mutation]
  4607 | D:6      | Lost mutation: Your spells are a little harder to cast, but
                  | a little more powerful. [potion of mutation]
  4607 | D:6      | Gained mutation: You occasionally lose the ability to read
                  | scrolls when taking damage. [potion of mutation]
  4607 | D:6      | Gained mutation: You are resistant to electric shocks.
                  | (rElec) [potion of mutation]
  4607 | D:6      | Gained mutation: You are strong-willed. (Will+) [potion of
                  | mutation]
  4608 | D:6      | Lost mutation: You occasionally lose the ability to read
                  | scrolls when taking damage. [potion of mutation]
  4608 | D:6      | Lost mutation: You are resistant to electric shocks.
                  | (rElec) [potion of mutation]
  4608 | D:6      | Lost mutation: You are strong-willed. (Will+) [potion of
                  | mutation]
  4608 | D:6      | Gained mutation: You have a pair of small horns on your
                  | head. [potion of mutation]
  4608 | D:6      | Gained mutation: Your flesh is cold resistant. (rC+)
                  | [potion of mutation]
  4618 | D:7      | Paralysed by a hornet for 1 turns
  4622 | D:7      | Mangled by a hornet

Illustrated notes

Levels and vault maps discovered:
D:1:      dpeg_arrival_windows_large_door, layout_basic,
          ebering_ecumenical_altar_mist, minmay_misc_feat_five
D:2:      layout_loops_ring
D:3:      layout_rooms, minivault_11, uniq_crazy_yiuf_cottage, uniq_ijyb
D:4:      minmay_recursive_quarters, layout_loops_ring,
          minmay_temple_entry_fiery, nicolae_shop_vocational, uniq_grinder
D:5:      layout_layer_cave, serial_shops, nicolae_shop_statue_plus,
          uniq_eustachio
D:6:      wander_river, layout_basic, serial_shops,
          nicolae_shop_advertising_works [nicolae_subvault_shop_adworks]
D:7:      layout_cave_pools, uniq_duvessa, uniq_menkaure, uniq_maggie
Temple:   compressed_dpeg_triangle_lava_temple

Skill      XL: |  1  2  3  4  5  6  7  8 |
---------------+-------------------------+-----
Throwing       | 2 3 4 |  4.2
Unarmed Combat | 4 5 6 8 10 | 10.2
Fighting       | 2 3 |  3.8
Stealth        | 1 |  1.5
Dodging        | |  2.4

Action                   |  1- 3 |  4- 6 |  7- 9 || total
-------------------------+-------+-------+-------++-------
Melee: Unarmed           |    85 |    98 |   159 ||   342
       Punch             |       |     5 |     4 ||     9
Throw: Javelin           |     7 |     1 |     3 ||    11
Invok: Curse Item        |     2 |     1 |       ||     3
  Use: Scroll            |     5 |       |     2 ||     7
       Potion            |       |     1 |     7 ||     8
 Stab: Sleeping          |     2 |       |     1 ||     3
       Distracted        |       |       |     1 ||     1
Armor: Robe              |    38 |    37 |    39 ||   114
       Skin              |       |       |    17 ||    17
Dodge: Dodged            |    57 |    59 |   110 ||   226
